 Dungeon Crawl Stone Soup version 0.30-a0-930-gb9d0489357 (webtiles) character file.

Game seed: 4896611274334380491

46 MachoJfn the Magician (level 3, -3/25 HPs)
             Began as a Djinni Hedge Wizard on Mar 23, 2023.
             Slain by a shadow imp (5 damage)
             ... summoned by Natasha
             ... on level 3 of the Dungeon.
             The game lasted 00:09:16 (2284 turns).

MachoJfn the Magician (Djinni Hedge Wizard)         Turns: 2284, Time: 00:09:17

Health: -3/25      AC:  2    Str:  9    XL:     3   Next: 92%
Gold:   118        EV: 12    Int: 17    God:
                   SH:  0    Dex: 12

rFire   + + .      SeeInvis .    d - +2 mace (heavy)
rCold   . . .      Faith    .    (no shield)
rNeg    . . .      Spirit   .    b - +0 robe
rPois   ∞          Reflect  .    c - +0 hat
rElec   .          Rampage  .    k - scarf {repulsion}
rCorr   .                        (no gloves)
Will    .....                    (boots unavailable)
Stlth   ++                       (no amulet)
HPRegen 0.24/turn                f - ring of protection from cold
MPRegen 0.00/turn                (no ring)

@: flying, slowed, repel missiles, very slow
A: sickness immunity, fire resistance 2, cold vulnerability 1, float, innate
caster, HP casting, extra vitality 1
a: no special abilities


You were on level 3 of the Dungeon.
You visited 1 branch of the dungeon, and saw 3 of its levels.

You collected 118 gold pieces.

Inventory:

Hand Weapons
 a - a +0 dagger
 d - a +2 heavy mace (weapon)
Missiles
 j - 6 poisoned darts (quivered)
 n - 19 stones
Armour
 b - a +0 robe (worn)
 c - a +0 hat (worn)
 k - a scarf of repulsion (worn)
Jewellery
 f - a ring of protection from cold (left hand)
 p - a ring of protection from fire
Scrolls
 e - a scroll of blinking
 g - 3 scrolls of identify
 i - a scroll of torment {unknown}
 l - a scroll of fear {unknown}
Potions
 h - a potion of heal wounds {unknown}
 o - a potion of invisibility {unknown}
 q - a potion of curing {unknown}


   Skills:
 + Level 2.4 Dodging
 + Level 2.0 Stealth
 + Level 3.3 Spellcasting


You knew the following spells:

 Your Spells              Type           Power      Damage    Failure   Level
a - Magic Dart            Conj           56%        1d5       4%          1
b - Slow                  Hex            56%        N/A       4%          1
c - Blink                 Tloc           28%        N/A       7%          2
d - Call Imp              Summ           14%        N/A       7%          2
e - Mephitic Cloud        Conj/Pois/Air  14%        N/A       13%         3
f - Sting                 Tmut/Pois      56%        1d5       4%          1
Your spell library was empty.

Dungeon Overview and Level Annotations

Branches:
Dungeon (3/15)

Altars:
Ashenzari
Gozag

Shops:
D:2 (   D:3 *(

Annotations:
D:3 Natasha


Innate Abilities, Weirdness & Mutations

You are immune to sickness and miasma.
You are immune to poison.
Your flesh is very heat resistant. (rF++)
You are vulnerable to cold. (rC-)
You float through the air rather than walking.
You learn spells naturally, not from books.
Your magical power is your life essence.
You have superior vitality. (+4 MHP)


Message History

Natasha is moderately wounded.
Natasha stares at you and mumbles some strange words.
You feel yourself slow down.
Unknown command.
Casting: Magic Dart (safe; 4% risk of failure)
Confirm with . or Enter, or press ? or * to list all spells.
Aiming: Magic Dart (safe; 4% risk of failure)
Press: ? - help, Shift-Dir - straight line, f/p - Natasha
Aim: Natasha (moderately wounded, 100% to hit)
The magic dart hits Natasha.
Natasha is heavily wounded.
Casting: Magic Dart (safe; 4% risk of failure)
Confirm with . or Enter, or press ? or * to list all spells.
Aiming: Magic Dart (safe; 4% risk of failure)
Press: ? - help, Shift-Dir - straight line, f/p - Natasha
Aim: Natasha (heavily wounded, 100% to hit)
The magic dart hits Natasha.
Natasha is severely wounded.
Natasha mumbles some strange words.
The shadow imp attacks as you move away!
The shadow imp hits you.
You hit Natasha.
Natasha is severely wounded.
Natasha claws you! The shadow imp hits you.
Natasha casts a spell.
The shadow imp hits you but does no damage.
Natasha closely misses you.
You hit Natasha.
Natasha is almost dead.
Natasha closely misses you. The shadow imp barely misses you.
Natasha casts a spell at you. You resist with some effort.
The iron imp misses you.
The shadow imp hits you but does no damage.
Natasha closely misses you. The shadow imp barely misses you.
The iron imp closely misses you. The shadow imp barely misses you.
Natasha claws you!
* * * LOW HITPOINT WARNING * * *
It was a potion of magic.
Magic washes over you without effect. The shadow imp hits you.
You die...

...... ## .#
.......##.
#........
#...)♣..##
#........ #
#>.♣∩♣.# #.
#####...#.#
#.##...5h5♣..#
####......5@....#
.............####
#######.######
#.# #.#### #....#
####.# #.# #.#


You could see an iron imp (summoned), Natasha and 2 shadow imps.

Vanquished Creatures
  2 adders (D:2)
  A worm (D:2)
  3 ball pythons
  2 bats (D:1)
  An endoplasm (D:2)
  2 giant cockroaches
  2 goblins
  A hobgoblin (D:2)
  3 quokkas
  2 frilled lizards
  4 kobolds
  3 rats (D:1)
26 creatures vanquished.

Notes
Turn   | Place    | Note
-------+----------+-------------------------------------------
     0 | D:1      | MachoJfn the Djinni Hedge Wizard began the quest for the
                  | Orb.
     0 | D:1      | MachoJfn set off with the following spells memorised: Magic
                  | Dart, Slow, Blink, Call Imp, Mephitic Cloud.
     0 | D:1      | Reached XP level 1. HP: 15/15 MP: 0/0
   407 | D:1      | Reached XP level 2. HP: 20/21 MP: 0/0
  1080 | D:2      | Reached skill level 3 in Spellcasting
  1094 | D:2      | Found a broken altar of Ashenzari.
  1125 | D:2      | Reached XP level 3. HP: 18/25 MP: 0/0
  1125 | D:2      | Learned a level 1 spell: Sting
  1701 | D:2      | Found Sepuc's Weapon Emporium.
  2219 | D:3      | Found Gozag's Platinum Reserve.
  2223 | D:3      | Found an opulent altar of Gozag.
  2259 | D:3      | Found Qeupasel's Weapon Boutique.
  2273 | D:3      | Noticed Natasha
  2284 | D:3      | Slain by a shadow imp

Illustrated notes

Levels and vault maps discovered:
D:1:      nzn_arrival_water_spiral, layout_loops_corners, nicolae_eternal_life
D:2:      layout_basic, serial_shops, nicolae_shop_bloodbath_and_beyond,
          basic_altar
D:3:      layout_loops_ring, nicolae_ru_the_path_less_chosen,
          nicolae_gozag_zags_fifth_avenue, serial_shops, nicolae_shop_trees,
          st_stairs_6, kennysheep_minor_cross, uniq_natasha, uniq_terence

Skill      XL: |  1  2  3 |
---------------+----------+-----
Spellcasting   | 3 |  3.3
Stealth        | 2 |  2.0
Dodging        | |  2.4

Action                     || total
---------------------------++-------
  Melee: Mace              ||     8
   Cast: Magic Dart        ||    67
         Slow              ||     2
         Blink             ||     1
    Use: Potion            ||     3
         Scroll            ||     2
   Stab: Sleeping          ||     1
 Armour: Robe              ||     5
         Skin              ||     1
  Dodge: Dodged            ||    18

Table legend: (Time is in decaauts)
 A = Elapsed time spent in this place.
 B = Non-inter-level travel time spent in this place.
 C = Inter-level travel time spent in this place.
 D = Time resting spent in this place.
 E = Time spent auto-exploring this place.
 F = Levels seen in this place.
 G = Mean time per level.
                   A        B        C        D        E       F      G
               +--------+--------+--------+--------+--------+-----+--------+
         Total |   2296 |   1814 |    482 |     71 |   1541 |   3 |  765.3 |
       Dungeon |   2296 |   1814 |    482 |     71 |   1541 |   3 |  765.3 |
               +--------+--------+--------+--------+--------+-----+--------+

Top non-repeatable levels by time:
     D:2: 1224 daAuts
     D:1: 997 daAuts
     D:3: 73 daAuts
